 Dungeon Crawl Stone Soup version 0.30.0-5-g1a98f26d00 (webtiles) character file.

Game seed: 12922105070857723447

5527 qeuew the Grappler (level 10, -1/100 HPs)
             Began as a Troll Fighter on May 9, 2023.
             Slain by a boulder beetle (9 damage)
             ... on level 8 of the Dungeon.
             The game lasted 00:08:47 (5982 turns).

qeuew the Grappler (Troll Fighter)                  Turns: 5982, Time: 00:08:48

Health: -1/100     AC:  5    Str: 32    XL:     10   Next: 43%
Magic:  9/9        EV: 12    Int:  4    God:
Gold:   416        SH: 16    Dex: 19    Spells: 9/9 levels left

rFire   . .          .
                       - Unarmed
rCold   . . .        b - +0 kite shield
rNeg    . . .        t - +1 robe of Fun and Games {Regen+ Str+4}
rPois   .            (helmet restricted)
rElec   .            (no cloak)
rCorr   .            (gloves unavailable)
SInv    +            (boots unavailable)
Will    .....        n - amulet of reflection
Stlth   +++          k - +6 ring of dexterity
HPRegen 1.96/turn    d - ring of see invisible
MPRegen 0.11/turn

%: reflection, clarity
@: hasted, very quick
A: large, unfitting armour, claws 3, regeneration 1, shaggy fur 1, tough skin 1,
thin skeletal structure 1, clarity, MP-powered wands
a: no special abilities


You were on level 8 of the Dungeon.
You visited 2 branches of the dungeon, and saw 9 of its levels.
You also visited: Bailey.

You collected 416 gold pieces.

Inventory:

Missiles
 p - a throwing net (quivered)
Armour
 b - a +0 kite shield (worn)
 t - the +1 robe of Fun and Games (worn) {Regen+ Str+4}
   (You found it in a bailey)

   Str:       It affects your strength (+4).
   Regen:     It increases your rate of health regeneration.
Jewellery
 d - a ring of see invisible (right claw)
 e - the ring of Hyn Betiong {rElec rC+ Int+4}
   (You found it on level 5 of the Dungeon)

   [ring of protection from cold]

   Int:       It affects your intelligence (+4).
   rC:        It protects you from cold.
   rElec:     It insulates you from electricity.
 h - a ring of resist corrosion
 k - a +6 ring of dexterity (left claw)
 n - an amulet of reflection (around neck)
 q - a +6 ring of dexterity
Scrolls
 f - 2 scrolls of fog
 l - a scroll of teleportation
 o - a scroll of enchant weapon
 u - a scroll of magic mapping
 v - a scroll of enchant armour
Potions
 a - a potion of flight
 c - 2 potions of might
 g - 2 potions of mutation
 i - 8 potions of heal wounds
 m - 3 potions of berserk rage


   Skills:
 + Level 6.3 Fighting
 + Level 6.3 Dodging
 + Level 7.0 Shields
 * Level 10.1 Unarmed Combat


You had 9 spell levels left.
You didn't know any spells.
Your spell library contained the following spells:

 Spells                   Type           Power      Damage    Failure   Level
 Freeze                   Ice            0%         1d3       67%         1
 Slow                     Hex            0%         N/A       67%         1
 Poisonous Vapours        Pois/Air       0%         N/A       82%         2
 Confusing Touch          Hex            0%         N/A       96%         3
 Frozen Ramparts          Ice            0%         1d1       96%         3
 Hailstorm                Conj/Ice       0%         3d3       96%         3
 Mephitic Cloud           Conj/Pois/Air  0%         N/A       96%         3
 Vampiric Draining        Necr           0%         2d6       96%         3
 Volatile Blastmotes      Fire/Tloc      0%         2d10      96%         3
 Fulminant Prism          Conj/Hex       0%         3d5       100%        4
 Iskenderun's Mystic Bla  Conj/Tloc      0%         2d3       100%        4
 Freezing Cloud           Conj/Ice/Air   0%         6-21      100%        5
 Lee's Rapid Deconstruct  Erth           0%         3d4*      100%        5
 Simulacrum               Ice/Necr       0%         N/A       100%        6
 Ozocubu's Refrigeration  Ice            0%         4d7       100%        7
 Polar Vortex             Ice            0%         N/A       100%        9


Dungeon Overview and Level Annotations

Branches:
Dungeon (8/15)             Temple (1/1) D:6          Bailey (visited)
   Lair: D:8-11

Altars:
Ashenzari
Cheibriados
Dithmenos
Elyvilon
Gozag
Hepliaklqana
Kikubaaqudgha
Nemelex Xobeh
Okawaru
Qazlal
Ru
Sif Muna
Trog
Uskayaw
Vehumet
Wu Jian
Xom
Yredelemnul
Zin
The Shining One

Shops:
D:2 (


Innate Abilities, Weirdness & Mutations

You are too large for most types of armour.
You have claws for hands.
Your natural rate of healing is unusually fast.
You are covered in fur. (AC +1)
You have tough skin. (AC +1)
You have a somewhat thin skeletal structure. (Dex +2, Stealth+)
You possess an exceptional clarity of mind.
You expend magic power (3 MP) to strengthen your wands.


Message History

You block the orc wizard's attack.
The boulder beetle bites you but does no damage.
You closely miss the orc wizard.
The orc wizard is heavily wounded.
You are engulfed in a cloud of scalding steam.
A centaur warrior comes into view.
The orc wizard gestures at you while chanting.
The magic dart hits you! You block the boulder beetle's attack.
You are too injured to fight recklessly!
You are too injured to fight recklessly!
You are too injured to fight recklessly!
You are too injured to fight recklessly!
You are too injured to fight recklessly!
You are too injured to fight recklessly!
You are too injured to fight recklessly!
You are too injured to fight recklessly!
You are too injured to fight recklessly!
You are too injured to fight recklessly!
You are too injured to fight recklessly!
You are too injured to fight recklessly!
You are too injured to fight recklessly!
Unknown command.
You block the orc wizard's attack.
The boulder beetle curls into a ball and begins rolling!
The orc wizard attacks as you move away!
The orc wizard hits you but does no damage.
The centaur warrior wields a +0 longbow.
The centaur warrior shoots an arrow.
You block the arrow with an invisible shield... and reflect it back!
The arrow hits the orc wizard!!
You kill the orc wizard!
A sky beast comes into view.
You hear an angry growl.
Okay, then.
The boulder beetle hits you!!!
* * * LOW HITPOINT WARNING * * *
The boulder beetle stops rolling and uncurls.
Unknown command.
You feel yourself speed up. The boulder beetle bites you!
You die...

.##.........####..##
..†........####..##
.###......####..## #
.# #.#...####..## Y#
.# #.##+####..## #.#
## #.# #..## ###[.#
#.# #.## ###$..#
#.##.###.# ###...)##
.#......###.@Bc..#
#.....#........###
..........#...###
####.########## ##


You could see a boulder beetle and a centaur warrior.

Vanquished Creatures
  The ghost of Pimp the Trooper, a novice HOFi of Cheibriados (D:7)
  Joseph (D:7)
  A gargoyle (Bailey)
  A komodo dragon (D:8)
  Sigmund (D:5)
  A wraith (D:6)
  A wyvern (D:6)
  A yak (D:8)
  A vampire (Bailey)
  2 steam dragons
  2 black bears
  An orc warrior (D:7)
  An ogre (D:5)
  A kobold brigand (D:7)
  5 bullfrogs
  4 scorpions
  4 wights (D:7)
  5 killer bees (D:8)
  9 vampire bats (Bailey)
  6 wolf zombies (Bailey)
  A centaur zombie (D:7)
  3 quasits (D:6)
  4 hounds
  3 jellies
  Crazy Yiuf (D:5)
  2 orc priests (D:6)
  2 gnoll boudas
  2 sleepcaps
  2 iguanas
  4 orc wizards
  A killer bee zombie (D:7)
  13 gnolls
  7 adders
  6 shadow imps
  7 white imps
  5 ufetubi
  2 worms (D:3)
  3 dart slugs
  13 orcs
  3 endoplasms
  3 giant cockroaches
  9 goblins
  6 hobgoblins
  3 jackals (D:3)
  6 quokkas
  8 ball pythons
  3 bats
  A frilled lizard (D:3)
  9 kobolds
  22 orc zombies (Bailey)
  4 rats
207 creatures vanquished.

Notes
Turn   | Place    | Note
-------+----------+-------------------------------------------
     0 | D:1      | qeuew the Troll Fighter began the quest for the Orb.
     0 | D:1      | Reached XP level 1. HP: 22/22 MP: 0/0
   282 | D:1      | Reached XP level 2. HP: 29/29 MP: 1/1
   868 | D:2      | Reached XP level 3. HP: 36/36 MP: 2/2
   972 | D:2      | Found Myjaetic's Antique Weapon Emporium.
   973 | D:2      | Found a faded altar of an unknown god.
  1326 | D:2      | Gained mutation: You have a somewhat thin skeletal
                  | structure. (Dex +2, Stealth+) [potion of mutation]
  1326 | D:2      | Gained mutation: You possess an exceptional clarity of
                  | mind. [potion of mutation]
  1326 | D:2      | Gained mutation: You expend magic power (3 MP) to
                  | strengthen your wands. [potion of mutation]
  1710 | D:3      | Reached skill level 3 in Unarmed Combat
  1720 | D:3      | Reached XP level 4. HP: 34/44 MP: 3/3
  1739 | D:3      | Found a shimmering altar of Xom.
  2363 | D:4      | Noticed a black bear
  2380 | D:4      | Killed a black bear
  2381 | D:4      | Reached skill level 4 in Unarmed Combat
  2381 | D:4      | Reached XP level 5. HP: 28/53 MP: 4/4
  2458 | D:4      | Found a shadowy altar of Dithmenos.
  2458 | D:4      | Found an iron altar of Okawaru.
  2597 | D:4      | HP: 1/53 [gnoll/+0 spear[a gnoll bouda] (4)]
  2654 | D:4      | Reached XP level 6. HP: 53/61 MP: 5/5
  3013 | D:5      | Entered Level 5 of the Dungeon
  3013 | D:5      | Noticed Sigmund
  3028 | D:5      | Killed Sigmund
  3029 | D:5      | Reached skill level 5 in Unarmed Combat
  3029 | D:5      | Reached XP level 7. HP: 48/67 MP: 6/6
  3075 | D:5      | Noticed a steam dragon
  3082 | D:5      | Killed a steam dragon
  3093 | D:5      | Identified the ring of Hyn Betiong {rElec rC+ Int+4}
  3203 | D:5      | Found an opulent altar of Gozag.
  3352 | D:5      | Found a runed translucent door.
  3353 | D:5      | Noticed Crazy Yiuf
  3449 | D:5      | Reached skill level 6 in Unarmed Combat
  3658 | D:5      | Killed Crazy Yiuf
  3721 | D:6      | Reached XP level 8. HP: 78/78 MP: 7/7
  3904 | D:6      | Reached skill level 5 in Shields
  3963 | D:6      | Reached skill level 7 in Unarmed Combat
  4087 | D:6      | Reached skill level 5 in Dodging
  4087 | D:6      | Reached XP level 9. HP: 45/87 MP: 8/8
  4088 | D:6      | Reached skill level 5 in Fighting
  4463 | D:6      | Found a staircase to the Ecumenical Temple.
  4469 | Temple   | Entered the Ecumenical Temple
  4591 | D:7      | Identified the +4 war axe "Kiyng" {drain, Fragile Int+4
                  | Dex+2}
  4622 | D:7      | Found a flagged portal.
  4633 | Bailey   | Entered a bailey
  4698 | Bailey   | Noticed a gargoyle
  4707 | Bailey   | Killed a gargoyle
  4708 | Bailey   | Reached skill level 8 in Unarmed Combat
  4824 | Bailey   | Identified the +0 plate armour of the Untouchables {Int+6}
  4827 | Bailey   | Identified the staff of cold "Jemuzi" {Drain rC+ rN++}
  4883 | Bailey   | Identified the +1 robe of Fun and Games {Regen+ Str+4}
  5095 | D:7      | Found a bloodstained altar of Trog.
  5135 | D:7      | Noticed Joseph
  5146 | D:7      | Killed Joseph
  5147 | D:7      | Reached skill level 9 in Unarmed Combat
  5330 | D:7      | Found a runed translucent gate.
  5330 | D:7      | Found a runed translucent gate.
  5330 | D:7      | Found a runed translucent gate.
  5330 | D:7      | Noticed Pimp's ghost (novice HOFi)
  5332 | D:7      | Found a basalt altar of Yredelemnul.
  5361 | D:7      | Killed Pimp's ghost
  5362 | D:7      | Reached XP level 10. HP: 69/98 MP: 9/9
  5886 | D:8      | Reached skill level 10 in Unarmed Combat
  5973 | D:8      | Noticed a boulder beetle
  5977 | D:8      | Noticed a centaur warrior
  5982 | D:8      | Slain by a boulder beetle

Illustrated notes

Levels and vault maps discovered:
D:1:      tekkud_arrival_beachfront_property, layout_loops_cross,
          minmay_misc_feat_rugged, minmay_heptomino_w4
D:2:      layout_loops_ring, serial_shops, shop, basic_ecumenical_altar
D:3:      layout_basic, mainiacjoe_overflow_six_doors_small,
          dreamdust_mushroom_princess
D:4:      cheibrodos_quashed, layout_cave_pools, nicolae_overflow_two_pavilions,
          dk_vineyard_2
D:5:      minmay_angry_zag, layout_basic, nicolae_gozag_seed_capital,
          nicolae_figureground_pulse, uniq_crazy_yiuf_cottage, uniq_sigmund
D:6:      layout_loops_ring, minmay_temple_entry_enclosed_plants,
          serial_demonic, serial_demonic_d, serial_demonic_b, serial_demonic_d,
          serial_demonic_e
D:7:      layout_gridville, nicolae_yredelemnul_ghost_church,
          lemuel_doored_altar, enter_bailey_3, uniq_joseph
D:8:      cheibrodos_two_vegetables, layout_loops_corners,
          grunt_lair_entry_orc_guard_hut, minmay_manual_mandibuliform,
          uniq_maurice
Temple:   jpeg_temple_clearing

Skill      XL: |  1  2  3  4  5  6  7  8  9 10 |
---------------+-------------------------------+-----
Shields        | 3 4 5 6 7 |  7.0
Unarmed Combat | 3 4 5 6 7 9 10 | 10.1
Fighting       | 3 4 6 |  6.3
Dodging        | 3 4 5 6 |  6.3

Action                     |  1- 3 |  4- 6 |  7- 9 | 10-12 || total
---------------------------+-------+-------+-------+-------++-------
  Melee: Unarmed           |    90 |   100 |   403 |    62 ||   655
  Throw: Throwing net      |       |       |     1 |       ||     1
    Use: Scroll            |    10 |     4 |     1 |     2 ||    17
         Potion            |     2 |     2 |       |     2 ||     6
   Stab: Sleeping          |     1 |     4 |    11 |     2 ||    18
 Armour: Robe              |    30 |     7 |     9 |     6 ||    52
         Steam dragon scal |       |       |    68 |       ||    68
  Dodge: Dodged            |    38 |    35 |   142 |    12 ||   227
  Block: Kite shield       |    29 |    81 |   353 |    58 ||   521
         Reflection        |       |     2 |     7 |     1 ||    10
